 Dungeon Crawl Stone Soup version 0.24-a0-443-g80245de (webtiles) character file.

Game seed: 18429992576633020218

42 silenth the Cudgeler (level 3, -5/29 HPs)
             Began as a Human Berserker on June 22, 2019.
             Was a Believer of Trog.
             Slain by a worm (6 damage)
             ... while paralysed
             ... on level 2 of the Dungeon.
             The game lasted 00:01:27 (1145 turns).

silenth the Cudgeler (Human Berserker)              Turns: 1145, Time: 00:01:27

Health: -5/29      AC:  5    Str: 17    XL:     3   Next: 80%
Magic:  3/3        EV:  2    Int:  7    God:    Trog [**....]
Gold:   70         SH:  0    Dex: 17    Spells: 2/2 levels left

rFire    . . .     SeeInvis .   a - +0 mace
rCold    . . .     Gourm    .   (no shield)
rNeg     . . .     Faith    .   g - +0 ring mail
rPois    .         Spirit   .   (no helmet)
rElec    .         Reflect  .   (no cloak)
rCorr    .         Harm     .   (no gloves)
MR       +....                  (no boots)
Stlth    +.........             (no amulet)
HPRegen  0.09/turn              c - +4 ring of dexterity
MPRegen  0.08/turn              j - ring of protection from magic

@: paralysed, lethally poisoned (-5 -> -6), berserk cooldown, slowed
A: no striking features
a: Berserk, Trog's Hand, Renounce Religion


You were on level 2 of the Dungeon.
You worshipped Trog.
Trog was pleased with you.
You were near starving.

You visited 1 branch of the dungeon, and saw 2 of its levels.

You collected 70 gold pieces.

Inventory:

Hand Weapons
 a - a +0 mace (weapon)
Armour
 b - a +0 animal skin
 g - a +0 ring mail (worn)
Jewellery
 c - a +4 ring of dexterity (left hand)
 j - a ring of protection from magic (right hand)
Scrolls
 f - 2 scrolls of identify {unknown}
 k - a scroll of fog {unknown}
 l - a scroll of enchant armour {unknown}
Potions
 d - a potion of curing {unknown}
 h - 2 potions of lignification {unknown}
 i - a potion of haste {unknown}
 m - a potion of agility {unknown}
Comestibles
 e - a ration


   Skills:
 + Level 3.5 Fighting
 * Level 4.0 Maces & Flails
 - Level 2.0 Armour
 - Level 2.0 Dodging


You had 2 spell levels left.
You didn't know any spells.
Your spell library was empty.

Dungeon Overview and Level Annotations

Branches:
Dungeon (2/15)

Altars:


Message History

You kill the hobgoblin!
Trog accepts your kill.
You feel sick.
You barely miss the worm. You barely miss the worm. The worm bites you.
* * * LOW HITPOINT WARNING * * *
You hit the worm.
The worm is moderately wounded.
You hit the worm.
The worm is heavily wounded.
The worm barely misses you.
You sock the worm!
The worm is almost dead.
You are no longer berserk.
You pass out from exhaustion.
You feel yourself slow down.
* * * LOW HITPOINT WARNING * * *
You feel sick. The worm bites you.
You die...

.... ... +...+ ... #...#
... #...# ... #...# ...
#### #...# .....# ##...#
#...#
##...#.##.....##...#
.....#.#.......#@..#
.....#.#..)....w...+
.......#.......#...#
.......##.....##...##
........##...##.....#
.........#####..###..#
.###...#.......## #....
.######...#####.........
.....##...# .........


You could see a worm.

Vanquished Creatures
  An adder (D:2)
  2 dart slugs (D:1)
  A leopard gecko (D:1)
  A bat (D:1)
  2 giant cockroaches (D:1)
  6 hobgoblins
  A frilled lizard (D:1)
  4 goblins
  4 kobolds
  5 rats
27 creatures vanquished.

Notes
Turn   | Place    | Note
-------+----------+-------------------------------------------
     0 | D:1      | silenth the Human Berserker began the quest for the Orb.
     0 | D:1      | Reached XP level 1. HP: 18/18 MP: 1/1
   203 | D:1      | Reached XP level 2. HP: 20/24 MP: 2/2
   514 | D:1      | Reached XP level 3. HP: 27/29 MP: 3/3
  1134 | D:2      | Reached ** piety under Trog
  1134 | D:2      | Reached skill level 4 in Maces & Flails
  1141 | D:2      | HP: 3/43 [worm (3)]
  1144 | D:2      | HP: 1/29 [poisoned by an adder]
  1145 | D:2      | Slain by a worm

Levels and vault maps discovered:
D:1:      minmay_arrival_wavy_path, layout_basic
D:2:      kennysheep_six_static_rooms, layout_basic

Skill      XL: |  1  2  3 |
---------------+----------+-----
Maces & Flails | 4 |  4.0
Fighting       | |  3.5
Armour         | |  2.0
Dodging        | |  2.0

Action                   || total
-------------------------++-------
Melee: Mace              ||    88
Invok: Berserk           ||     1
 Stab: Sleeping          ||     1
Armor: Animal skin       ||     7
       Ring mail         ||    26
Dodge: Dodged            ||    55

Table legend:
 A = Non-vault XP
 B = Vault XP
 C = Vault XP percentage of total XP
 D = Non-vault monster count
 E = Vault monster count
 F = Vault count percentage of total count
                 A         B        C        D         E       F
            +---------+---------+-------+---------+---------+-------
      Total |      59 |       2 |   3.3 |      26 |       1 |   3.7
            +---------+---------+-------+---------+---------+-------
        D:1 |      40 |       0 |   0.0 |      21 |       0 |   0.0
        D:2 |      19 |       2 |   9.5 |       5 |       1 |  16.7
            +---------+---------+-------+---------+---------+-------
